 Dungeon Crawl Stone Soup version 0.28-a0-655-g4eb62b627b (webtiles) character file.

Game seed: 1156612694438810755

288 porpoise the Magician (level 6, -3/32 HPs)
             Began as a Deep Elf Conjurer on Oct 13, 2021.
             Slain by a kobold brigand (5 damage)
             ... on level 3 of the Dungeon.
             The game lasted 00:07:15 (4214 turns).

porpoise the Magician (Deep Elf Conjurer)           Turns: 4214, Time: 00:07:15

Health: -3/32      AC:  3    Str:  5    XL:     6   Next: 9%
Magic:  5/17       EV: 12    Int: 24    God:
Gold:   170        SH:  0    Dex: 13    Spells: 6/17 levels left

rFire   . . .      SeeInvis .   (no weapon)
rCold   . . .      Faith    .   (no shield)
rNeg    . . .      Spirit   .   a - +0 robe
rPois   .          Reflect  .   (no helmet)
rElec   .          Harm     .   (no cloak)
rCorr   .          Rampage  .   h - +0 pair of gloves
Will    +....                   (no boots)
Stlth   ++........              (no amulet)
HPRegen 0.10/turn               g - ring of willpower
MPRegen 0.15/turn               (no ring)

@: no status effects
A: no striking features
a: no special abilities


You were on level 3 of the Dungeon.
You visited 1 branch of the dungeon, and saw 3 of its levels.

You collected 170 gold pieces.

Inventory:

Missiles
 b - 56 stones
Armour
 a - a +0 robe (worn)
 h - a +0 pair of gloves (worn)
Magical Staves
 f - a staff of earth
Jewellery
 g - a ring of willpower (left hand)
Scrolls
 c - a scroll of enchant armour {unknown}
 d - 3 scrolls of amnesia {unknown}
 i - 3 scrolls of noise {unknown}
 j - 2 scrolls of teleportation {unknown}
 m - a scroll of magic mapping {unknown}
 o - a scroll of fear {unknown}
 p - a scroll of enchant weapon {unknown}
 q - a scroll of summoning {unknown}
Potions
 e - a potion of curing {unknown}
 k - a potion of haste {unknown}
 l - a potion of degeneration {unknown}
 n - 2 potions of lignification {unknown}


   Skills:
 - Level 2.4 Dodging
 - Level 2.4 Stealth
 + Level 6.4 Spellcasting
 - Level 5.3 Conjurations
 + Level 4.1 Hexes


You had 6 spell levels left.
You knew the following spells:

 Your Spells              Type           Power      Damage    Failure   Level
a - Magic Dart            Conj           100%       1d8       1%          1
b - Searing Ray           Conj           66%        2d6       1%          2
c - Fulminant Prism       Conj/Hex       15%        3d11      11%         4
d - Iskenderun's Mystic   Conj/Tloc      20%        2d6       26%         4

Your spell library contained the following spells:

 Spells                   Type           Power      Damage    Failure   Level
 Dazzling Flash           Conj/Hex       60%        N/A       3%          3


Dungeon Overview and Level Annotations

Branches:
Dungeon (3/15)

Altars:
Kikubaaqudgha
Xom


Message History

Casting: Searing Ray (safe; 1% risk of failure)
Confirm with . or Enter, or press ? or * to list all spells.
Aiming: Searing Ray (safe; 1% risk of failure)
Press: ? - help, Shift-Dir - straight line, f/p - kobold brigand
Aim: a kobold brigand, wielding a +0 short sword, wearing a +0 plate armour and quivering poisoned darts (heavily wounded, 83% to hit)
The searing ray hits the kobold brigand.
The kobold brigand is severely wounded. (Press . to maintain the ray.)
You feel sick. The bat hits you.
The kobold brigand hits you with a +0 short sword.
* * * LOW HITPOINT WARNING * * *
The searing ray hits the kobold brigand but does no damage.
The kobold brigand is severely wounded.
You feel sick.
You are no longer poisoned.
The bat hits you but does no damage. The kobold brigand barely misses you.
The searing ray hits the kobold brigand but does no damage.
The kobold brigand is severely wounded.
The bat barely misses you. The kobold brigand barely misses you.
The searing ray hits the kobold brigand but does no damage.
The kobold brigand is severely wounded.
You finish channelling your searing ray.
The bat closely misses you. The kobold brigand misses you.
Casting: Searing Ray (safe; 1% risk of failure)
Confirm with . or Enter, or press ? or * to list all spells.
Aiming: Searing Ray (safe; 1% risk of failure)
Press: ? - help, Shift-Dir - straight line, f/p - kobold brigand
Aim: a kobold brigand, wielding a +0 short sword, wearing a +0 plate armour and quivering poisoned darts (severely wounded, 83% to hit)
The searing ray hits the kobold brigand.
The kobold brigand is almost dead. (Press . to maintain the ray.)
The bat hits you.
* * * LOW HITPOINT WARNING * * *
The kobold brigand hits you with a +0 short sword.
* * * LOW HITPOINT WARNING * * *
The searing ray hits the kobold brigand but does no damage.
The kobold brigand is almost dead.
The bat hits you but does no damage.
The kobold brigand hits you with a +0 short sword.
You die...

....######## #....
............##+#.#.###
..#......##..........#
....................# .#
#..................##
...#..........# #.......
......).......###.......
..........#...#...#.##..
......b@......'...+.†...
.......K..#...#...#..###
..........#...###.#.....
.......#................
........................
.....#.#.......#####≈###
.#<#.#.#.......# .≈.P
#...#.#.......### .P≈P.
.. #.........#.# .P≈P#


You could see a kobold brigand and a bat.

Vanquished Creatures
  4 crimson imps (D:3)
  A hound (D:3)
  An adder (D:2)
  3 gnolls (D:2)
  2 worms
  4 dart slugs
  9 endoplasms
  4 giant cockroaches
  6 hobgoblins
  4 jackals (D:1)
  3 kobolds
  3 quokkas
  6 ball pythons
  5 bats
  6 frilled lizards
  3 goblins (D:1)
  8 rats
72 creatures vanquished.

Vanquished Creatures (others)
  3 toadstools (D:2)
3 creatures vanquished.

Grand Total: 75 creatures vanquished

Notes
Turn   | Place    | Note
-------+----------+-------------------------------------------
     0 | D:1      | porpoise the Deep Elf Conjurer began the quest for the Orb.
     0 | D:1      | Reached XP level 1. HP: 10/10 MP: 6/6
   171 | D:1      | Reached XP level 2. HP: 15/15 MP: 4/8
   658 | D:1      | Learned a level 2 spell: Searing Ray
   681 | D:1      | Reached skill level 4 in Spellcasting
   706 | D:1      | Reached skill level 5 in Conjurations
   706 | D:1      | Reached XP level 3. HP: 19/19 MP: 2/10
  1927 | D:2      | Reached XP level 4. HP: 24/24 MP: 7/12
  2066 | D:2      | Learned a level 4 spell: Fulminant Prism
  2071 | D:2      | Learned a level 4 spell: Iskenderun's Mystic Blast
  2213 | D:2      | Reached skill level 1 in Hexes
  2215 | D:2      | Reached skill level 5 in Spellcasting
  2945 | D:2      | Found an ancient bone altar of Kikubaaqudgha.
  3153 | D:3      | Found a shimmering altar of Xom.
  3169 | D:3      | Reached XP level 5. HP: 28/28 MP: 5/15
  3174 | D:3      | Reached skill level 6 in Spellcasting
  3963 | D:3      | Reached XP level 6. HP: 32/32 MP: 12/17
  3995 | D:3      | Found an ancient bone altar of Kikubaaqudgha.
  4213 | D:3      | HP: 1/32 [kobold brigand (6)]
  4214 | D:3      | Slain by a kobold brigand

Illustrated notes

Levels and vault maps discovered:
D:1:      minmay_arrival_stair_chambers, layout_rooms
D:2:      layout_loops_cross, basic_altar, minmay_gold_behind_fungi
D:3:      layout_basic, nicolae_kikubaaqudgha_miasma_corner, led_xom_imps,
          shapermc_ecumenical_altar_hornbeckon

Skill      XL: |  1  2  3  4  5 |
---------------+----------------+-----
Spellcasting   | 4 5 6 |  6.4
Conjurations   | 5 |  5.3
Hexes          | 2 4 |  4.1
Dodging        | |  2.4
Stealth        | |  2.4

Action                   |  1- 3 |  4- 6 || total
-------------------------+-------+-------++-------
 Cast: Magic Dart        |    64 |    14 ||    78
       Searing Ray       |     8 |    17 ||    25
Armor: Robe              |       |     8 ||     8
Dodge: Dodged            |     5 |    14 ||    19

Table legend: (Time is in decaauts)
 A = Elapsed time spent in this place.
 B = Non-inter-level travel time spent in this place.
 C = Inter-level travel time spent in this place.
 D = Time resting spent in this place.
 E = Time spent auto-exploring this place.
 F = Levels seen in this place.
 G = Mean time per level.
                   A        B        C        D        E       F      G
               +--------+--------+--------+--------+--------+-----+--------+
         Total |   4215 |   4156 |     59 |   2876 |    887 |   3 | 1405.0 |
       Dungeon |   4215 |   4156 |     59 |   2876 |    887 |   3 | 1405.0 |
               +--------+--------+--------+--------+--------+-----+--------+

Top non-repeatable levels by time:
     D:2: 1887 daAuts
     D:1: 1590 daAuts
     D:3: 738 daAuts
